 Dungeon Crawl Stone Soup version 0.31-a0-188-g5e087ee2ca (webtiles) character file.

Game seed: 3875645049768989049

161 qw the Skirmisher (level 5, 0/29 HPs)
             Began as a Deep Elf Hunter on June 22, 2023.
             Slain by Pikel
             ... wielding a +1 whip of flaming
              (1 damage)
             ... on level 4 of the Dungeon.
             The game lasted 00:01:10 (2520 turns).

qw the Skirmisher (Deep Elf Hunter)                 Turns: 2520, Time: 00:01:11

Health: 0/29       AC:  7    Str: 10    XL:     5   Next: 18%
Magic:  7/7        EV: 16    Int: 14    God:
Gold:   62         SH:  0    Dex: 21    Spells: 4/4 levels left

rFire   . . .        Y - +0 shortbow (heavy)
rCold   . . .        (shield currently unavailable)
rNeg    . . .        d - +0 ring mail
rPois   .            (no helmet)
rElec   .            (no cloak)
rCorr   .            (no gloves)
SInv    .            k - +1 pair of boots
Will    .....        (no amulet)
Stlth   +            b - ring of Caroxaofo {EV+5 Dex+3}
HPRegen 0.24/turn    (no ring)
MPRegen 0.10/turn

%: no passive effects
@: no status effects
A: no striking features
a: no special abilities


You were on level 4 of the Dungeon.
You visited 1 branch of the dungeon, and saw 4 of its levels.

You collected 62 gold pieces.


   Skills:
 - Level 1.5 Fighting
 + Level 8.6 Ranged Weapons
 - Level 2.4 Dodging
 - Level 1.2 Stealth


You had 4 spell levels left.
You didn't know any spells.
Your spell library was empty.

Inventory:

Hand Weapons
 Y - a +0 heavy shortbow (weapon)
Armour
 d - a +0 ring mail (worn)
 k - a +1 pair of boots (worn)
Jewellery
 b - the ring of Caroxaofo (left hand) {EV+5 Dex+3}
   (You found it on level 3 of the Dungeon)

   [ring of evasion]

   EV:        It affects your evasion (+5).
   Dex:       It affects your dexterity (+3).
Scrolls
 m - a scroll of identify
Potions
 a - a potion of cancellation {unknown}
 c - a potion of invisibility {unknown}
 e - a potion of heal wounds {unknown}
 g - a potion of brilliance {unknown}
 i - 2 potions of curing
 j - a potion of might {unknown}
 l - a potion of haste {unknown}

Dungeon Overview and Level Annotations

Branches:
Dungeon (4/15)
 Temple: D:4-7

Altars:
Cheibriados
Ru

Annotations:
D:4 Pikel


Message History

The arrow hits Pikel but does no damage.
A lemure comes into view.
You shoot an arrow. The lemure shouts!
The arrow hits Pikel.
Pikel is lightly wounded.
You shoot an arrow. The arrow hits Pikel.
Pikel is moderately wounded.
A lemure comes into view.
You shoot an arrow. The arrow barely misses Pikel.
The lemure shouts!
The arrow hits the lemure but does no damage.
You hear a shout!
Pikel hits you but does no damage.
You shoot an arrow. The arrow hits Pikel!
Pikel is heavily wounded.
Pikel hits you with a +1 whip of flaming.
Pikel burns you.
You shoot an arrow. The arrow hits Pikel.
Pikel is heavily wounded.
Pikel hits you but does no damage.
A lemure comes into view.
Pikel hits you with a +1 whip of flaming.
Pikel burns you.
You shoot an arrow. The arrow hits Pikel.
Pikel is heavily wounded.
Pikel closely misses you.
You shoot an arrow. The arrow barely misses Pikel.
The arrow barely misses the lemure.
Pikel closely misses you.
Pikel hits you with a +1 whip of flaming!
Pikel burns you.
You shoot an arrow. The arrow hits Pikel.
Pikel is heavily wounded.
Pikel hits you but does no damage.
You shoot an arrow. The arrow misses Pikel.
The arrow hits the lemure.
The lemure is lightly wounded.
Pikel hits you with a +1 whip of flaming.
Pikel burns you.
You die...

..# #.# #.# #%#
#########.#
#######......##.# #.
#............##.#
....#.####..####.##.#
#....5K@##..##......#
###.#5#........#.####
# ####..####.#
#....<..# ..........#
###########


You could see Pikel and 2 lemures.

Vanquished Creatures
  A lemure (D:4)
  An orc priest (D:3)
  A mummy (D:3)
  An adder (D:3)
  A gnoll (D:1)
  A worm (D:2)
  5 dart slugs
  11 orcs
  4 ball pythons
  7 endoplasms
  A giant cockroach (D:3)
  10 goblins
  6 hobgoblins
  4 quokkas
  7 bats
  4 frilled lizards
  6 kobolds
  6 rats
77 creatures vanquished.

Notes
Turn   | Place    | Note
-------+----------+-------------------------------------------
     0 | D:1      | qw the Deep Elf Hunter began the quest for the Orb.
     0 | D:1      | Reached XP level 1. HP: 12/12 MP: 3/3
     0 | D:1      | 0 ||| qw: Version: 0.3-a-9-g12657ce
     0 | D:1      | 0 ||| qw: Game counter: 2792
     0 | D:1      | 0 ||| qw: Always use a shield: true
     0 | D:1      | 0 ||| qw: God list: Okawaru
     0 | D:1      | 0 ||| qw: Allow faded altars: false
     0 | D:1      | 0 ||| qw: Do Orc after D:15 true
     0 | D:1      | 0 ||| qw: Do second Lair branch before Depths: true
     0 | D:1      | 0 ||| qw: Lair rune preference: random
     0 | D:1      | 0 ||| qw: Plans: Normal
     0 | D:1      | 0 ||| PLANNING D:1-11
    57 | D:1      | Reached XP level 2. HP: 16/16 MP: 4/4
    59 | D:1      | Reached skill level 6 in Ranged Weapons
   134 | D:1      | 134 ||| FLEEEEING.
   341 | D:1      | Reached XP level 3. HP: 16/20 MP: 5/5
   674 | D:1      | 674 ||| UPGRADING to +0 pair of boots.
   679 | D:1      | 679 ||| READING scroll labelled TUCOLA TASO.
   680 | D:1      | 680 ||| READING 2 scrolls labelled TYURGH ZEAKH.
   681 | D:1      | 681 ||| READING scroll labelled VUCOCVO ILAMU.
   686 | D:1      | 686 ||| DROPPING scroll of butterflies.
   687 | D:1      | 687 ||| DROPPING scroll of fear.
   837 | D:2      | Reached skill level 7 in Ranged Weapons
  1173 | D:2      | Identified the +4 trident "Woigeseo" {drain, Dex+3}
  1333 | D:2      | 1333 ||| UPGRADING to +0 ring mail.
  1343 | D:2      | 1343 ||| DROPPING +0 leather armour.
  1344 | D:2      | 1344 ||| READING scroll labelled CISIS TUAKHLIKK.
  1345 | D:2      | 1345 ||| READING scroll labelled OMMIMA ER JAGH.
  1346 | D:2      | 1346 ||| READING scroll labelled DIBOIRU JETIRGH.
  1348 | D:2      | 1348 ||| Stepping ~*~*~tactically~*~*~ (cloud).
  1439 | D:3      | Reached XP level 4. HP: 25/25 MP: 6/6
  1446 | D:3      | 1446 ||| STAIRDANCE
  1522 | D:3      | Identified the ring of Caroxaofo {EV+5 Dex+3}
  1562 | D:3      | Reached skill level 8 in Ranged Weapons
  1704 | D:3      | Found a faded altar of an unknown god.
  1735 | D:3      | Found a snail-covered altar of Cheibriados.
  1831 | D:3      | Found a sacrificial altar of Ru.
  1901 | D:3      | HP: 6/25 [orc/+0 club (2)]
  1902 | D:3      | 1902 ||| READING scroll of teleportation.
  2050 | D:3      | Reached XP level 5. HP: 29/29 MP: 7/7
  2416 | D:3      | 2416 ||| UPGRADING to +1 pair of boots.
  2426 | D:3      | 2426 ||| DROPPING +0 pair of boots.
  2427 | D:3      | 2427 ||| UPGRADING to ring of Caroxaofo {EV+5 Dex+3}.
  2428 | D:3      | 2428 ||| READING scroll labelled FOADOC DATTA.
  2429 | D:3      | 2429 ||| DRINKING 3 smoky red potions.
  2506 | D:4      | Noticed a lemure
  2510 | D:4      | Killed a lemure
  2510 | D:4      | Noticed Pikel
  2511 | D:4      | Noticed a lemure
  2513 | D:4      | Noticed a lemure
  2516 | D:4      | Noticed a lemure
  2518 | D:4      | HP: 6/29 [Pikel/+1 whip of flaming (10)]
  2520 | D:4      | HP: 1/29 [Pikel/+1 whip of flaming (4)]
  2520 | D:4      | Slain by Pikel

Levels and vault maps discovered:
D:1:      dpeg_arrival_shelter, layout_basic, minmay_misc_feat_tiny
D:2:      layout_basic
D:3:      minmay_angry_zag, layout_loops_ring, slow_altar_1,
          mainiacjoe_overflow_24_doors,
          shapermc_ecumenical_altar_mp_urbaneastern, st_stairs_1,
          corexii_item_surrounded_by_moat
D:4:      layout_loops_cross, nicolae_hepliaklqana_hippocampus, uniq_pikel,
          uniq_blork_the_orc

Skill      XL: |  1  2  3  4 |
---------------+-------------+-----
Ranged Weapons | 6 7 8 |  8.6
Fighting       | |  1.5
Dodging        | |  2.4
Stealth        | |  1.2

Action                     |  1- 3 |  4- 6 || total
---------------------------+-------+-------++-------
   Fire: Shortbow          |   121 |   134 ||   255
    Use: Scroll            |     6 |     2 ||     8
         Potion            |       |     1 ||     1
 Armour: Leather armour    |     4 |       ||     4
         Ring mail         |       |    31 ||    31
  Dodge: Dodged            |    17 |    54 ||    71

Table legend:
 A = Non-vault XP
 B = Vault XP
 C = Vault XP percentage of total XP
 D = Non-vault monster count
 E = Vault monster count
 F = Vault count percentage of total count
                 A         B        C        D         E       F
            +---------+---------+-------+---------+---------+-------
      Total |     195 |      35 |  15.2 |      67 |       9 |  11.8
            +---------+---------+-------+---------+---------+-------
        D:1 |      54 |       0 |   0.0 |      27 |       0 |   0.0
        D:2 |      38 |       1 |   2.6 |      16 |       1 |   5.9
        D:3 |      98 |      34 |  25.8 |      21 |       8 |  27.6
        D:4 |       5 |       0 |   0.0 |       3 |       0 |   0.0
            +---------+---------+-------+---------+---------+-------
